 Dungeon Crawl Stone Soup version 0.25.1-2-g60ff931df9 (webtiles) character file.

Game seed: 3068836705931559807

202 Descartes the Ruffian (level 5, -8/48 HPs)
             Began as a Troll Hunter on Nov 13, 2020.
             Killed by divine providence
             ... invoked by an orc priest
              (13 damage)
             ... on level 2 of the Dungeon.
             The game lasted 00:02:22 (1380 turns).

Descartes the Ruffian (Troll Hunter)                Turns: 1380, Time: 00:02:23

Health: -8/48      AC:  7    Str: 20    XL:     5   Next: 50%
Magic:  4/4        EV: 10    Int:  8    God:
Gold:   144        SH:  0    Dex: 16    Spells: 4/4 levels left

rFire    . . .     SeeInvis .     - Unarmed
rCold    . . .     Gourm    +   (no shield)
rNeg     . . .     Faith    .   b - +0 robe
rPois    .         Spirit   .   (helmet restricted)
rElec    .         Reflect  .   q - +0 cloak
rCorr    .         Harm     .   (gloves unavailable)
MR       .....                  (boots unavailable)
Stlth    ++........             (no amulet)
HPRegen  0.56/turn              n - +6 ring of dexterity
MPRegen  0.09/turn              (no ring)

@: lightly drained
A: large, unfitting armour, claws 3, fast metabolism 3, gourmand, regeneration
1, shaggy fur 1, tough skin 3
a: no special abilities


You were on level 2 of the Dungeon.
You were completely stuffed.

You visited 1 branch of the dungeon, and saw 3 of its levels.

You collected 144 gold pieces.

Inventory:

Hand Weapons
 p - a +3 quarterstaff of chaos
Missiles
 c - 5 large rocks (quivered)
 d - 2 throwing nets
 e - 47 stones
 k - 25 arrows
Armour
 b - a +0 robe (worn)
 q - a +0 cloak (worn)
Jewellery
 n - a +6 ring of dexterity (left claw)
Scrolls
 g - 3 scrolls of identify {unknown}
 i - a scroll of fog {unknown}
 j - 2 scrolls of teleportation {unknown}
 o - a scroll of enchant weapon {unknown}
Potions
 a - 2 potions of lignification {unknown}
 l - a potion of haste
 m - a potion of heal wounds {unknown}
Comestibles
 f - 9 rations
 h - 3 chunks of flesh


   Skills:
 - Level 1.5 Fighting
 - Level 3.6(3.5) Throwing
 - Level 1.5 Dodging
 - Level 0.3 Stealth
 + Level 5.3 Unarmed Combat


You had 4 spell levels left.
You didn't know any spells.
Your spell library was empty.

Dungeon Overview and Level Annotations

Branches:
Dungeon (3/15)

Altars:
Kikubaaqudgha


Innate Abilities, Weirdness & Mutations

You are too large for most types of armour.
You have claws for hands.
Your metabolism is lightning-fast.
You like to eat raw meat.
Your natural rate of healing is unusually fast.
You are covered in fur. (AC +1)
You have extremely tough skin. (AC +3)


Message History

The orc hits you with a +0 falchion.
* * * LOW HITPOINT WARNING * * *
The orc wizard mumbles some strange words.
The orc wizard seems to speed up.
Things that are here:
a +0 dagger; a +0 robe; an orc corpse The orc wizard gestures wildly while chanting.
The orc wizard flickers and vanishes!
Deactivating autopickup; reactivate with Ctrl-A.
You scratch the orc priest.
The orc priest is moderately wounded.
The orc hits you but does no damage.
You hear some strange, mumbled words.
A magic dart appears from out of thin air!
The magic dart hits you!
* * * LOW HITPOINT WARNING * * *
The orc barely misses you.
The orc priest calls down the wrath of Beogh upon you.
Beogh smites you!
You die...

#.##........####################
#.##........# # #.##.###.#.## #
#.##.###.#.# #.##.......#
#.##..##...#
#.##..##...##############
#.##...........oo.......#
#.###.##.#....{@........#
#..)..##<#.###########..########
#..........# #..........
####..######################....
#.....................# #.###
#####..#..รท#...#...#...#..###.###
........................._#......
#####.##...#...#...#...#..###.###
#.#...................#......


You could see an orc priest and an orc.

Vanquished Creatures
  An orc wizard (D:2)
  Crazy Yiuf (D:2)
  Natasha (thrice) (D:2)
  A gnoll (D:1)
  2 adders (D:2)
  An ooze (D:2)
  A worm (D:2)
  A dart slug (D:1)
  A giant cockroach (D:1)
  5 goblins
  4 hobgoblins
  8 jackals (D:1)
  2 ball pythons
  A bat (D:2)
  3 frilled lizards
  3 kobolds
  5 rats
43 creatures vanquished.

Notes
Turn   | Place    | Note
-------+----------+-------------------------------------------
     0 | D:1      | Descartes the Troll Hunter began the quest for the Orb.
     0 | D:1      | Reached XP level 1. HP: 19/19 MP: 0/0
    55 | D:1      | Reached skill level 1 in Unarmed Combat
   176 | D:1      | Reached XP level 2. HP: 19/27 MP: 1/1
   212 | D:1      | Reached skill level 2 in Unarmed Combat
   321 | D:1      | Reached XP level 3. HP: 33/33 MP: 2/2
   614 | D:2      | Reached skill level 3 in Unarmed Combat
   827 | D:2      | Noticed Natasha
   833 | D:2      | Killed Natasha
   833 | D:2      | Reached skill level 4 in Unarmed Combat
   833 | D:2      | Reached XP level 4. HP: 30/41 MP: 3/3
   867 | D:2      | Found an ancient bone altar of Kikubaaqudgha.
   924 | D:2      | Noticed Natasha
   928 | D:2      | Killed Natasha
  1145 | D:2      | Noticed Natasha
  1157 | D:2      | Killed Natasha
  1157 | D:2      | Reached XP level 5. HP: 16/48 MP: 4/4
  1257 | D:2      | Found a runed translucent door.
  1258 | D:2      | Noticed Crazy Yiuf
  1265 | D:2      | Killed Crazy Yiuf
  1265 | D:2      | Reached skill level 5 in Unarmed Combat
  1380 | D:2      | Killed from afar by an orc priest

Illustrated notes

Levels and vault maps discovered:
D:1:      nzn_arrival_depleted_hourglass, layout_basic, minmay_small_reverse_x
D:2:      layout_loops_ring, lemuel_coloured_pillars_altar, first_ration,
          uniq_natasha, uniq_crazy_yiuf_cottage
D:3:      layout_rooms

Skill      XL: |  1  2  3  4  5 |
---------------+----------------+-----
Unarmed Combat | 1 2 4 5 |  5.3
Fighting       | |  1.5
Throwing       | |  3.6
Dodging        | |  1.5
Stealth        | |  0.3

Action                   |  1- 3 |  4- 6 || total
-------------------------+-------+-------++-------
Melee: Unarmed           |   100 |    37 ||   137
       Short sword       |     4 |       ||     4
       Punch             |       |     1 ||     1
  Eat: Chunk             |    13 |     5 ||    18
Armor: Robe              |    35 |    17 ||    52
Dodge: Dodged            |    55 |    24 ||    79
